 Dungeon Crawl Stone Soup version 0.19-a0-36-g4a0968a (webtiles) character file.

129 protoss039 the Shield-Bearer (level 5, 0/41 HPs)
             Began as a Human Fighter on May 4, 2016.
             Was an Initiate of Okawaru.
             Killed from afar by an orc wizard (2 damage)
             ... with a magic dart
             ... on level 3 of the Dungeon.
             The game lasted 00:22:53 (3179 turns).

protoss039 the Shield-Bearer (Human Fighter)        Turns: 3179, Time: 00:22:54

Health: 0/41       AC:  9    Str: 17    XL:     5   Next: 35%
Magic:  0/5        EV:  5    Int:  8    God:    Okawaru [......]
Gold:   90         SH:  9    Dex: 13    Spells: 0 memorised, 4 levels left

rFire  . . .     SeeInvis .       - Unarmed
rCold  . . .     Gourm    .     g - +0 chain mail
rNeg   . . .     Faith    .     b - +0 shield
rPois  .         Spirit   +     (no helmet)
rElec  .         Dismiss  .     (no cloak)
rCorr  .         Reflect  .     (no gloves)
SustAt .         Harm     .     (no boots)
MR     .....                    a - amulet of guardian spirit
Stlth  ..........               (no ring)
                                (no ring)

@: not resistant to hostile enchantments, extremely unstealthy
A: no striking features
a: Renounce Religion


You were on level 3 of the Dungeon.
You worshipped Okawaru.
Okawaru was noncommittal.
You were completely stuffed.

You visited 1 branch of the dungeon, and saw 3 of its levels.

You collected 90 gold pieces.

Inventory:

Armour
 b - a +0 shield (worn)
 g - a +0 chain mail (worn)
Jewellery
 a - an amulet of guardian spirit (around neck)
 e - an uncursed amulet of magic regeneration
Scrolls
 h - a scroll of identify
 j - a scroll of remove curse
 k - a scroll of enchant weapon
 l - a scroll of blinking
 m - 2 scrolls of amnesia
 o - a scroll of immolation {unknown}
Potions
 i - a potion of flight {unknown}
 r - a potion of heal wounds {unknown}
Comestibles
 c - 4 chunks of flesh
 d - 2 bread rations
 p - 2 fruits


   Skills:
 + Level 3.6 Fighting
 + Level 3.7 Armour
 + Level 1.4 Dodging
 + Level 3.9 Shields
 + Level 2.7 Unarmed Combat


You had 4 spell levels left.
You didn't know any spells.

Dungeon Overview and Level Annotations

Branches:
Dungeon (3/15)

Altars:
Okawaru


Message History

You feel sick.
You are no longer poisoned.
The orc wizard points at you and mumbles some strange words.
The magic dart hits you!
* * * LOW HITPOINT WARNING * * *
The orc wizard hits you with a dagger.
* * * LOW HITPOINT WARNING * * *
You see here 8 gold pieces.
The orc wizard is no longer moving quickly.
The orc wizard hits you but does no damage.
The orc wizard points at you and mumbles some strange words.
The magic dart hits you!
* * * LOW HITPOINT WARNING * * *
The orc wizard hits you but does no damage.
The orc wizard gestures at you while chanting.
The magic dart hits you!
* * * LOW HITPOINT WARNING * * *
The orc wizard gestures at you while chanting.
The magic dart hits you!
You die...

#.#..##.# #...# #
#.#.# #.# #
.#.###.####
#..........# #
.....#####.# .#
####.#####)##.####
#......$o......
#.#####o#.#.##.
#...@...#...
#.......#### ....
#.##.##.# .###. #
#.# . #.# ## #.#
#.# ..#


You could see an orc wizard.

Vanquished Creatures
  5 adders
  5 dart slugs
  3 giant geckos
  7 orcs
  7 bats
  4 giant cockroaches
  2 goblins (D:1)
  5 hobgoblins
  3 jackals (D:2)
  11 kobolds
  5 giant newts
  8 rats
  A plant (D:1)
66 creatures vanquished.

Notes
Turn   | Place    | Note
--------------------------------------------------------------
     0 | D:1      | protoss039 the Human Fighter began the quest for the Orb.
     0 | D:1      | Reached XP level 1. HP: 18/18 MP: 1/1
   230 | D:1      | Reached XP level 2. HP: 12/24 MP: 2/2
   727 | D:1      | Reached XP level 3. HP: 29/29 MP: 3/3
  1409 | D:2      | Reached skill level 1 in Dodging
  1696 | D:2      | Reached XP level 4. HP: 31/35 MP: 4/4
  2025 | D:2      | Found an iron altar of Okawaru.
  2100 | D:2      | Became a worshipper of Warmaster Okawaru
  3025 | D:3      | Reached XP level 5. HP: 41/41 MP: 5/5
  3178 | D:3      | HP: 2/41 [orc wizard/magic dart (1)]
  3179 | D:3      | Killed from afar by an orc wizard

Vault maps used:
D:1:      lightli_arrival_windingriver, st_stairs_10
D:2:      okawaru_trees_2
D:3:      first_bread, serial_glass, glass_columns_a, glass_columns_a,
          cheibrodos_ashenzari_chains, uniq_terence

Skill      XL: |  1  2  3 |
---------------+----------+-----
Dodging        | 1 |  1.4
Fighting       | |  3.6
Armour         | |  3.7
Shields        | |  3.9
Unarmed Combat | |  2.7

Action                   |  1- 3 |  4- 6 || total
-------------------------+-------+-------++-------
Melee: Unarmed           |   271 |   232 ||   503
  Use: Scroll            |     2 |     4 ||     6
       Potion            |     1 |       ||     1
  Eat: Chunk             |     3 |     4 ||     7
       Meat ration       |       |     1 ||     1
       Bread ration      |       |     1 ||     1
Armor: Scale mail        |    57 |       ||    57
       Chain mail        |    54 |   126 ||   180
Dodge: Dodged            |    46 |    52 ||    98
Block: Shield            |    94 |   111 ||   205
